 Dungeon Crawl Stone Soup version 0.27-a0-1301-g128193abf8 (webtiles) character file.

Game seed: 4424632468289876654

28 Gwenloh the Poker (level 3, -1/27 HPs)
             Began as a Merfolk Gladiator on June 17, 2021.
             Killed by nerve-wracking pain
             ... invoked by a shadow imp
             ... summoned by Natasha
              (9 damage)
             ... on level 2 of the Dungeon.
             The game lasted 00:02:08 (911 turns).

Gwenloh the Poker (Merfolk Gladiator)                Turns: 911, Time: 00:02:09

Health: -1/27      AC:  4    Str: 14    XL:     3   Next: 14%
Magic:  3/3        EV: 13    Int:  7    God:
Gold:   29         SH:  0    Dex: 16    Spells: 2/2 levels left

rFire    . . .     SeeInvis .   a - +0 trident
rCold    . . .     Faith    .   (no shield)
rNeg     . . .     Spirit   .   b - +0 leather armour
rPois    .         Reflect  .   c - +0 helmet
rElec    .         Harm     .   (no cloak)
rCorr    .         Rampage  .   (no gloves)
Will     .....                  (no boots)
Stlth    +.........             (no amulet)
HPRegen  0.09/turn              (no ring)
MPRegen  0.08/turn              (no ring)

@: no status effects
A: (nimble swimmer 2), mertail
a: no special abilities


You were on level 2 of the Dungeon.
You visited 1 branch of the dungeon, and saw 2 of its levels.

You collected 29 gold pieces.

Inventory:

Hand Weapons
 a - a +0 trident (weapon)
Missiles
 d - 2 throwing nets (quivered)
 k - a stone
Armour
 b - a +0 leather armour (worn)
 c - a +0 helmet (worn)
Scrolls
 f - a scroll of enchant armour {unknown}
 g - a scroll of fog {unknown}
 i - a scroll of teleportation {unknown}
 l - a scroll of identify {unknown}
Potions
 e - a potion of magic {unknown}
 h - a potion of haste {unknown}
 j - a potion of invisibility {unknown}


   Skills:
 - Level 2.1 Fighting
 + Level 6.1 Polearms
 - Level 2.0 Throwing
 - Level 4.0 Dodging


You had 2 spell levels left.
You didn't know any spells.
Your spell library contained the following spells:

 Spells                   Type           Power      Damage    Failure   Level
 Beastly Appendage        Tmut           0%         N/A       52%         1
 Wereblood                Tmut           0%         N/A       65%         2
 Spider Form              Tmut/Pois      0%         N/A       87%         3
 Ice Form                 Ice/Tmut       0%         N/A       99%         4


Dungeon Overview and Level Annotations

Branches:
Dungeon (2/15)

Altars:

Annotations:
D:2 Natasha


Innate Abilities, Weirdness & Mutations

((You are quick and stealthy near water. (Stealth+, EV+, Speed+++)))
Your lower body shifts to a powerful aquatic tail in water.


Message History

You closely miss Natasha.
Natasha is heavily wounded.
Natasha closely misses you.
You closely miss Natasha.
Natasha is moderately wounded.
Natasha howls an incantation.
Natasha's front paws start to glow.
Natasha claws you.
You closely miss Natasha.
Natasha is moderately wounded.
Natasha barely misses you.
You barely miss Natasha.
Natasha is moderately wounded.
Natasha claws you but does no damage.
You completely miss Natasha.
Natasha is moderately wounded.
Natasha claws you.
You are too injured to fight recklessly!
You are too injured to fight recklessly!
Throw: 3 throwing nets
Press: ? - help, Q - select action, (/) - cycle Shift-Dir - straight line, f - Natasha
Aim: Natasha (moderately wounded, 55% to hit)
You throw a throwing net. The throwing net hits Natasha.
Natasha is caught in the net!
Natasha is moderately wounded.
Natasha casts a spell.
Natasha struggles against the net.
You barely miss Natasha.
Natasha is moderately wounded.
The shadow imp hits you.
* * * LOW HITPOINT WARNING * * *
You completely miss Natasha.
Natasha is moderately wounded.
Natasha struggles against the net.
The shadow imp misses you.
You puncture Natasha!
Natasha is almost dead.
Natasha struggles against the net. x2
The shadow imp gestures at you. Pain shoots through your body!
You die...

### ### #.. ..#
#### #### #.# #.#
#.. ..#
#.###.###.# #.#
#h#.......#####.##
#@#.#.##..........
#.5...###.#####.##
###....##.#####.##
####.##.......##
#........####
#..).....# #
#........# #
............# ##
####........###.


You could see Natasha (caught) and a shadow imp (summoned).

Vanquished Creatures
  3 endoplasms (D:1)
  3 giant cockroaches (D:1)
  A goblin (D:1)
  2 hobgoblins (D:1)
  3 jackals (D:1)
  2 quokkas (D:1)
  2 ball pythons
  3 bats
  A frilled lizard (D:1)
  A kobold (D:2)
  4 rats
25 creatures vanquished.

Notes
Turn   | Place    | Note
-------+----------+-------------------------------------------
     0 | D:1      | Gwenloh the Merfolk Gladiator began the quest for the Orb.
     0 | D:1      | Reached XP level 1. HP: 16/16 MP: 1/1
   142 | D:1      | Reached skill level 5 in Polearms
   201 | D:1      | Reached XP level 2. HP: 22/22 MP: 2/2
   809 | D:1      | Reached skill level 6 in Polearms
   809 | D:1      | Reached XP level 3. HP: 27/27 MP: 3/3
   898 | D:2      | Noticed Natasha
   911 | D:2      | Killed from afar by a shadow imp

Illustrated notes

Levels and vault maps discovered:
D:1:      moated_graveyard_arrival, layout_loops_corners
D:2:      layout_loops_cross, uniq_natasha

Skill      XL: |  1  2 |
---------------+-------+-----
Polearms       | 5 6 |  6.1
Fighting       | |  2.1
Throwing       | |  2.0
Dodging        | |  4.0

Action                   || total
-------------------------++-------
Melee: Trident           ||    88
Throw: Throwing net      ||     1
 Stab: Sleeping          ||     3
Armor: Leather armour    ||    18
Dodge: Dodged            ||    45

Table legend: (Time is in decaauts)
 A = Elapsed time spent in this place.
 B = Non-inter-level travel time spent in this place.
 C = Inter-level travel time spent in this place.
 D = Time resting spent in this place.
 E = Time spent auto-exploring this place.
 F = Levels seen in this place.
 G = Mean time per level.
                   A        B        C        D        E       F      G
               +--------+--------+--------+--------+--------+-----+--------+
         Total |    913 |    902 |     11 |      0 |    731 |   2 |  456.5 |
       Dungeon |    913 |    902 |     11 |      0 |    731 |   2 |  456.5 |
               +--------+--------+--------+--------+--------+-----+--------+

Top non-repeatable levels by time:
     D:1: 833 daAuts
     D:2: 79 daAuts
